 Dungeon Crawl Stone Soup version 0.32-a0-685-g93135e86f0 (webtiles) character file.

Game seed: 6236069798935853522

430 smashvw the Shield-Bearer (level 6, -2/30 (33) HPs)
             Began as a Vine Stalker Fighter on Mar 12, 2024.
             Slain by a wight
             ... wielding a +0 halberd
              (10 damage)
             ... on level 5 of the Dungeon.
             The game lasted 00:08:03 (2921 turns).

smashvw the Shield-Bearer (Vine Stalker Fighter)    Turns: 2921, Time: 00:08:04

HP:   -2/30 (33)    AC: 11    Str: 19    XL:     6   Next: 99%
MP:   0/7           EV:  9    Int:  8    God:
Gold: 85            SH:  5    Dex: 15    Spells: 5/5 levels left

rFire   . . .        a - +0 rapier
rCold   . . .        c - +0 buckler
rNeg    . . .        b - +0 scale mail
rPois   .            (no helmet)
rElec   .            (no cloak)
rCorr   .            x - +0 pair of gloves
SInv    .            (no boots)
Will    .....        (no amulet) Stlth
                     j - +4 ring of protection
HPRegen 1.05/turn    (no ring)
MPRegen 0.10/turn

%: guardian spirit
@: mighty, drained
A: fangs 2, regeneration 1, magic shield, antimagic bite, no potion heal 2
a: no special abilities


You were on level 5 of the Dungeon.
You visited 1 branch of the dungeon, and saw 5 of its levels.

You collected 155 gold pieces.
You spent 70 gold pieces at shops.

Inventory:

Hand Weapons
 a - a +0 rapier (weapon)
Missiles
 t - a throwing net (quivered)
Armour
 b - a +0 scale mail (worn)
 c - a +0 buckler (worn)
 x - a +0 pair of gloves (worn)
Jewellery
 j - a +4 ring of protection (left hand)
Talismans
 p - a granite talisman
Wands
 A - a wand of flame (22)
Scrolls
 e - a scroll of noise
 f - a scroll of revelation
 g - 2 scrolls of butterflies
 l - a scroll of silence
 m - 3 scrolls of amnesia {unknown}
 n - 2 scrolls of blinking {unknown}
 v - a scroll of vulnerability {unknown}
 y - a scroll of enchant armour {unknown}
 B - a scroll of teleportation
Potions
 h - 4 potions of curing
 i - a potion of brilliance
 k - 2 potions of enlightenment
 o - 4 potions of heal wounds {unknown}
 q - a potion of lignification {unknown}
 r - a potion of resistance {unknown}
 s - a potion of degeneration
 w - a potion of berserk rage {unknown}
 z - a potion of magic {unknown}


   Skills:
 + Level 4.0 Fighting
 + Level 3.3 Short Blades
 - Level 2.4 Armour
 * Level 4.9 Shields
 + Level 2.1 Shapeshifting


You had 5 spell levels left.
You didn't know any spells.
Your spell library contained the following spells:

 Spells                   Type           Power      Damage    Failure   Level
 Apportation              Tloc           0%         N/A       86%         1
 Necrotise                Necr           0%         1d4       86%         1
 Sting                    Conj/Alch      0%         1d3       86%         1
 Summon Small Mammal      Summ           0%         N/A       86%         1


Dungeon Overview and Level Annotations

Branches:
Dungeon (5/15)
 Temple: D:4-7

Altars:
Sif Muna

Shops:
D:5 ?

Annotations:
D:4 2 transporters


Innate Abilities, Weirdness & Mutations

You have extremely sharp teeth.
Your natural rate of healing is unusually fast.
When hurt, damage is shared between your health and your magic reserves.
Your bite disrupts and absorbs the magic of your enemies.
Potions cannot restore your health.


Message History

You hit the scorpion but do no damage.
You bite the scorpion, but do no damage.
The scorpion is severely wounded.
You feel sick. The wight hits you but does no damage.
The scorpion stings you but does no damage.
You hit the scorpion.
The scorpion is severely wounded.
You feel sick. The scorpion stings you. The wight hits you but does no damage.
A wight comes into view. It is wielding a +2 short sword.
Okay, then.
It was a potion of curing.
Your system rejects the healing.
You feel better.
The scorpion stings you but does no damage.
The wight barely misses you.
You hit the scorpion but do no damage. You bite the scorpion.
You drain its power.
You feel invigorated.
The scorpion is almost dead.
The scorpion barely misses you. You block the wight's attack.
The scorpion stings you but does no damage.
You hit the scorpion.
The scorpion is almost dead.
The wight closely misses you. The scorpion misses you.
You hit the scorpion but do no damage.
The scorpion is almost dead.
The wight hits you from afar with a +0 halberd.
You feel drained. The scorpion barely misses you.
You closely miss the scorpion.
You bite the scorpion, but do no damage.
The scorpion is almost dead.
A quokka comes into view.
You block the scorpion's attack. You block the wight's attack.
The quokka moves out of view.
You barely miss the scorpion.
The scorpion is severely wounded.
The scorpion stings you.
* * * LOW HITPOINT WARNING * * *
The wight closely misses you.
The scorpion stings you but does no damage.
You feel very mighty all of a sudden.
The wight hits you from afar with a +0 halberd!
You die...

.......####. #.....#...
###....... ##........
.........# .......z.#
#zz# #s### #... # #@#.##
#... #.#'#..## #...
##.......## ##...
#.........### #....
........#......#####....
......###...))...##....#
.....# #....##.........
....# ##...####...###..
...# #...## #...# ###


You could see a scorpion and 3 wights.

Vanquished Creatures
  2 hounds (D:4)
  An orc priest (D:3)
  An iguana (D:4)
  Natasha (twice) (D:4)
  2 orc wizards
  4 gnolls (D:3)
  6 adders
  A shadow imp (D:5)
  An adder skeleton (D:2)
  A dart slug (D:4)
  14 orcs
  12 ball pythons
  A bat (D:3)
  6 endoplasms
  2 giant cockroaches
  9 hobgoblins
  7 jackals (D:1)
  7 kobolds
  4 quokkas
  3 ball python skeletons (D:2)
  A ball python zombie (D:2)
  A frilled lizard (D:2)
  11 goblins
  A quokka skeleton (D:2)
  2 rats (D:1)
102 creatures vanquished.

Notes
Turn   | Place    | Note
-------+----------+-------------------------------------------
     0 | D:1      | smashvw the Vine Stalker Fighter began the quest for the
                  | Orb.
     0 | D:1      | Reached XP level 1. HP: 11/11 MP: 2/2
    73 | D:1      | Reached XP level 2. HP: 11/16 MP: 1/3
   255 | D:1      | Reached XP level 3. HP: 20/20 MP: 4/4
   921 | D:2      | Reached XP level 4. HP: 24/24 MP: 5/5
  1229 | D:3      | Reached XP level 5. HP: 28/28 MP: 6/6
  1412 | D:3      | Reached skill level 1 in Shapeshifting
  1885 | D:4      | Reached XP level 6. HP: 33/33 MP: 7/7
  2047 | D:4      | Found a transporter.
  2138 | D:4      | Found a shimmering blue altar of Sif Muna.
  2306 | D:4      | Found a transporter.
  2363 | D:4      | Noticed Natasha
  2373 | D:4      | Killed Natasha
  2656 | D:4      | Noticed Natasha
  2677 | D:4      | Killed Natasha
  2833 | D:5      | Entered Level 5 of the Dungeon
  2884 | D:5      | Found Ytiniut's Magic Scroll Shop.
  2887 | D:5      | Bought a scroll of teleportation for 42 gold pieces
  2887 | D:5      | Bought a scroll of identify for 28 gold pieces
  2921 | D:5      | Slain by a wight

Illustrated notes

Levels and vault maps discovered:
D:1:      enne_arrival_octagon_isle, layout_basic
D:2:      layout_basic, serial_undead, serial_undead_f, serial_undead_e,
          serial_undead_d, serial_undead_e, serial_undead_e, serial_undead_e
D:3:      layout_basic, bh_walls_and_bars
D:4:      layout_loops_corners, led_sif_book, gammafunk_ghost_stat_death,
          uniq_natasha
D:5:      layout_layer_cave, nicolae_overflow_hidden_temple, temple_green,
          nicolae_ossuary_entry_ruins, serial_shops, kennysheep_mini,
          ebering_ghost_disaster_area, st_stairs_10

Skill      XL: |  1  2  3  4  5  6 |
---------------+-------------------+-----
Short Blades   | 2 3 |  3.3
Shields        | 3 4 |  4.9
Fighting       | 3 4 |  4.0
Shapeshifting  | 1 2 |  2.1
Armour         | |  2.4

Action                     |  1- 3 |  4- 6 || total
---------------------------+-------+-------++-------
  Melee: Rapier            |   102 |   260 ||   362
         Bite              |    22 |    74 ||    96
         Unarmed           |       |     6 ||     6
    Use: Scroll            |       |     7 ||     7
         Potion            |       |     2 ||     2
 Armour: Scale mail        |    56 |   217 ||   273
         Skin              |       |     3 ||     3
  Dodge: Dodged            |    48 |    97 ||   145
  Block: Buckler           |    26 |    60 ||    86

Table legend: (Time is in decaauts)
 A = Elapsed time spent in this place.
 B = Non-inter-level travel time spent in this place.
 C = Inter-level travel time spent in this place.
 D = Time resting spent in this place.
 E = Time spent auto-exploring this place.
 F = Levels seen in this place.
 G = Mean time per level.
                   A        B        C        D        E       F      G
               +--------+--------+--------+--------+--------+-----+--------+
         Total |   2958 |   2863 |     95 |      0 |   2117 |   5 |  591.6 |
       Dungeon |   2958 |   2863 |     95 |      0 |   2117 |   5 |  591.6 |
               +--------+--------+--------+--------+--------+-----+--------+

Top non-repeatable levels by time:
     D:4: 996 daAuts
     D:3: 651 daAuts
     D:2: 637 daAuts
     D:1: 583 daAuts
     D:5: 89 daAuts
